AAA
DURHAM BULLS @ LOUISVILLE BATS
04/15/2052
 
TOP OF THE 1ST
Maine Grizzlies batting - Pitching for Ottawa Oddballs : RHP Ryan Kendle
Pitching: RHP Ryan Kendle
Batting: RHB Matt Clark 0-0: Called Strike
0-1: Ball
1-1: Ground out U3 (Groundball, 34, EV 78.8 MPH)
Batting: LHB Dave Barto 0-0: Called Strike
0-1: Ground out 4-3 (Groundball, 4, EV 84.4 MPH)
Batting: RHB Damon Wills 0-0: Fly out, F6 (Line Drive, 6, EV 71.9 MPH)
Top of the 1st over - 0 runs, 0 hits, 0 errors, 0 left on base; Maine 0 - Ottawa 0
BOTTOM OF THE 1ST
Ottawa Oddballs batting - Pitching for Maine Grizzlies : RHP Tyler Logsdon
Pitching: RHP Tyler Logsdon
Batting: RHB Joe Gibbs 0-0: Called Strike
0-1: Ball
1-1: DOUBLE (Line Drive, 89D, EV 103.8 MPH)
Batting: LHB Matthew Midkiff 0-0: Swinging Strike
0-1: Ball
1-1: Swinging Strike
1-2: Ball
2-2: Strikes out looking
Batting: LHB Jason Sanders 0-0: Ball
1-0: Foul Ball, location: 2F
1-1: Ball
2-1: Foul Ball, location: 2F
2-2: Ball
3-2: Base on Balls
Batting: RHB Justin Eddy 0-0: Fly out, F8 (Flyball, 8RM, EV 95.6 MPH)
Batting: LHB Jose Guevara 0-0: Ball
1-0: Ball
2-0: Ball
3-0: Foul Ball, location: 2F
3-1: Called Strike
3-2: Strikes out swinging
Bottom of the 1st over - 0 runs, 1 hit, 0 errors, 2 left on base; Maine 0 - Ottawa 0
TOP OF THE 2ND
Maine Grizzlies batting - Pitching for Ottawa Oddballs : RHP Ryan Kendle
Batting: LHB Victor Rangel 0-0: Ball
1-0: Called Strike
1-1: Foul Ball, location: 2F
1-2: Foul Ball, location: 2F
1-2: Foul Ball, location: 2F
1-2: Strikes out swinging
Batting: RHB Jack Cerza 0-0: Foul Ball, location: 2F
0-1: Foul Ball, location: 2F
0-2: Ball
1-2: Strikes out swinging
Batting: RHB Oscar Benjamin 0-0: Ball
1-0: Ball
2-0: Foul Ball, location: 2F
2-1: Fly out, F3 (Popup, 3F, EV 70.6 MPH)
Top of the 2nd over - 0 runs, 0 hits, 0 errors, 0 left on base; Maine 0 - Ottawa 0
BOTTOM OF THE 2ND
Ottawa Oddballs batting - Pitching for Maine Grizzlies : RHP Tyler Logsdon
Batting: RHB Francisco Flores 0-0: Ball
1-0: Called Strike
1-1: Called Strike
1-2: Ground out 5-3 (Groundball, 56, EV 100.6 MPH)
Batting: RHB Adam Agostino 0-0: Swinging Strike
0-1: Ground out 5-3 (Groundball, 56, EV 105.6 MPH)
Batting: RHB Roger Enfield 0-0: Swinging Strike
0-1: Hit by Pitch
Batting: RHB Travis Swan 0-0: Ball
1-0: Ball
2-0: Ball
3-0: Called Strike
3-1: Foul Ball, location: 2F
3-2: Fly out, F9 (Line Drive, 9, EV 95.0 MPH)
Bottom of the 2nd over - 0 runs, 0 hits, 0 errors, 1 left on base; Maine 0 - Ottawa 0
TOP OF THE 3RD
Maine Grizzlies batting - Pitching for Ottawa Oddballs : RHP Ryan Kendle
Batting: RHB Bill Church 0-0: Foul Ball, location: 2F
0-1: Called Strike
0-2: Foul Ball, location: 2F
0-2: Ground out 4-3 (Groundball, 4, EV 90.0 MPH)
Batting: RHB Fernando Marin 0-0: SINGLE (Groundball, 34D, EV 94.4 MPH)
Batting: RHB Bryan Lott 0-0: Ball
1-0: Called Strike
1-1: Fly out, F8 (Flyball, 8LM, EV 91.2 MPH)
Batting: RHB Matt Clark 0-0: Fly out, F8 (Flyball, 8LM, EV 88.8 MPH)
Top of the 3rd over - 0 runs, 1 hit, 0 errors, 1 left on base; Maine 0 - Ottawa 0
BOTTOM OF THE 3RD
Ottawa Oddballs batting - Pitching for Maine Grizzlies : RHP Tyler Logsdon
Batting: RHB Joe Gibbs 0-0: Called Strike
0-1: Ball
1-1: Called Strike
1-2: Ball
2-2: Ball
3-2: Foul Ball, location: 2F
3-2: Base on Balls
Batting: LHB Matthew Midkiff 0-0: Ball
1-0: Ball
2-0: Called Strike
2-1: Foul Ball, location: 2F
2-2: Ball
3-2: Base on Balls
Joe Gibbs to second
Batting: LHB Jason Sanders 0-0: Called Strike
0-1: Ball
1-1: Called Strike
1-2: Grounds into double play, 1-6-3 (Groundball, 13, EV 61.2 MPH)
Joe Gibbs to third
Batting: RHB Justin Eddy 0-0: Foul Ball, location: 2F
0-1: Ground out 4-3 (Groundball, 4, EV 103.8 MPH)
Bottom of the 3rd over - 0 runs, 0 hits, 0 errors, 1 left on base; Maine 0 - Ottawa 0
TOP OF THE 4TH
Maine Grizzlies batting - Pitching for Ottawa Oddballs : RHP Ryan Kendle
Batting: LHB Dave Barto 0-0: Swinging Strike
0-1: Ball
1-1: SINGLE (Groundball, 4MD, EV 94.4 MPH)
Batting: RHB Damon Wills 0-0: Ball
1-0: Called Strike
1-1: Ball
Wild Pitch!
Dave Barto to second
2-1: Foul Ball, location: 2F
2-2: Ball
3-2: Base on Balls
Batting: LHB Victor Rangel 0-0: Ball
1-0: Foul Ball, location: 2F
1-1: Ball
2-1: Called Strike
2-2: SINGLE (Line Drive, 9S, EV 106.9 MPH)
Dave Barto to third
Damon Wills to second
Batting: RHB Jack Cerza 0-0: Ball
1-0: Called Strike
1-1: Foul Ball, location: 2F
1-2: Ball
2-2: Fly out, F8 (Flyball, 8RM, EV 90.0 MPH)
Runner from 3rd tags up, SCORES, throw by CF
Batting: RHB Oscar Benjamin 0-0: Ball
1-0: Swinging Strike
1-1: DOUBLE (Flyball, 7LD, EV 91.9 MPH)
Damon Wills scores
Victor Rangel to third
Runner from 3rd tries for Home, SAFE, no throw by LF
Batting: RHB Bill Church 0-0: Called Strike
0-1: Ball
1-1: Foul Ball, location: 2F
1-2: Foul Ball, location: 2F
1-2: Ball
2-2: Strikes out looking
Batting: RHB Fernando Marin 0-0: Ball
1-0: Fly out, F2 (Popup, 15S, EV 86.9 MPH)
Top of the 4th over - 3 runs, 3 hits, 0 errors, 1 left on base; Maine 3 - Ottawa 0
BOTTOM OF THE 4TH
Ottawa Oddballs batting - Pitching for Maine Grizzlies : RHP Tyler Logsdon
Batting: LHB Jose Guevara 0-0: Ball
1-0: Ball
2-0: Foul Ball, location: 2F
2-1: Ball
3-1: Base on Balls
Batting: RHB Francisco Flores 0-0: Called Strike
0-1: Foul Ball, location: 2F
0-2: Foul Ball, location: 2F
0-2: Foul Ball, location: 2F
0-2: Foul Ball, location: 2F
0-2: Fly out, F9 (Flyball, 89S, EV 77.5 MPH)
Batting: RHB Adam Agostino 0-0: Called Strike
0-1: Ball
1-1: Swinging Strike
1-2: Strikes out swinging
Batting: RHB Roger Enfield 0-0: Fly out, F8 (Flyball, 89D, EV 100.6 MPH)
Bottom of the 4th over - 0 runs, 0 hits, 0 errors, 1 left on base; Maine 3 - Ottawa 0
TOP OF THE 5TH
Maine Grizzlies batting - Pitching for Ottawa Oddballs : RHP Ryan Kendle
Batting: RHB Bryan Lott 0-0: Swinging Strike
0-1: Called Strike
0-2: Foul Ball, location: 2F
0-2: Ball
1-2: Ball
2-2: Strikes out swinging
Batting: RHB Matt Clark 0-0: Swinging Strike
0-1: Fly out, F8 (Flyball, 8RD, EV 108.8 MPH)
Batting: LHB Dave Barto 0-0: DOUBLE (Flyball, 8RXD, EV 106.2 MPH)
Pinch Runner at 2nd Mike Luebbe:
Batting: RHB Damon Wills 0-0: Called Strike
0-1: Ball
1-1: Foul Ball, location: 2F
1-2: Ball
2-2: Ball
3-2: Foul Ball, location: 2F
3-2: Fly out, F8 (Flyball, 8LS, EV 76.2 MPH)
Top of the 5th over - 0 runs, 1 hit, 0 errors, 1 left on base; Maine 3 - Ottawa 0
BOTTOM OF THE 5TH
Ottawa Oddballs batting - Pitching for Maine Grizzlies : RHP Tyler Logsdon
Now at 2B: Mike Luebbe
Batting: RHB Travis Swan 0-0: Ball
1-0: Ball
2-0: Called Strike
2-1: Foul Ball, location: 2F
2-2: SINGLE (Line Drive, 89M, EV 104.4 MPH)
Batting: RHB Joe Gibbs 0-0: Fly out, F9 (Flyball, 89M, EV 90.0 MPH)
Batting: LHB Matthew Midkiff 0-0: Fly out, F7 (Flyball, 7D, EV 104.4 MPH)
Batting: LHB Jason Sanders 0-0: Ball
1-0: Ball
2-0: Ball
3-0: Called Strike
3-1: Fly out, F7 (Flyball, 7LD, EV 105.0 MPH)
Bottom of the 5th over - 0 runs, 1 hit, 0 errors, 1 left on base; Maine 3 - Ottawa 0
TOP OF THE 6TH
Maine Grizzlies batting - Pitching for Ottawa Oddballs : RHP Ryan Kendle
Batting: LHB Victor Rangel 0-0: Foul Ball, location: 2F
0-1: Foul Ball, location: 2F
0-2: Ground out 4-3 (Groundball, 4S, EV 81.9 MPH)
Batting: RHB Jack Cerza 0-0: Ground out 6-3 (Groundball, 6, EV 80.6 MPH)
Batting: RHB Oscar Benjamin 0-0: Called Strike
0-1: Ball
1-1: Foul Ball, location: 2F
1-2: SINGLE (Flyball, 6D, EV 90.0 MPH)
Batting: RHB Bill Church 0-0: Called Strike
Oscar Benjamin steals 2nd base
0-1: Called Strike
0-2: Ball
1-2: Strikes out swinging
Top of the 6th over - 0 runs, 1 hit, 0 errors, 1 left on base; Maine 3 - Ottawa 0
BOTTOM OF THE 6TH
Ottawa Oddballs batting - Pitching for Maine Grizzlies : RHP Tyler Logsdon
Batting: RHB Justin Eddy 0-0: Ball
1-0: Called Strike
1-1: Foul Ball, location: 2F
1-2: Ball
2-2: Strikes out swinging
Batting: LHB Jose Guevara 0-0: Called Strike
0-1: Swinging Strike
0-2: Ball
1-2: Ball
2-2: Strikes out swinging
Batting: RHB Francisco Flores 0-0: Called Strike
0-1: Ball
1-1: Swinging Strike
1-2: Ground out 5-3 (Groundball, 56, EV 105.0 MPH)
Bottom of the 6th over - 0 runs, 0 hits, 0 errors, 0 left on base; Maine 3 - Ottawa 0
TOP OF THE 7TH
Maine Grizzlies batting - Pitching for Ottawa Oddballs : RHP Ryan Kendle
Batting: RHB Fernando Marin 0-0: Called Strike
0-1: Called Strike
0-2: Foul Ball, location: 2F
0-2: Ball
1-2: SINGLE (Flyball, 8RS, EV 96.9 MPH)
Pitching: RHP Paul Beltz
Batting: RHB Bryan Lott 0-0: Ball
1-0: Called Strike
1-1: TRIPLE (Flyball, 7D, EV 98.8 MPH)
Fernando Marin scores
Batting: RHB Matt Clark 0-0: Called Strike
0-1: Ball
1-1: Called Strike
1-2: Strikes out looking
Batting: RHB Mike Luebbe 0-0: Ball
1-0: Ball
2-0: Ball
3-0: Swinging Strike
3-1: Called Strike
3-2: Strikes out looking
Batting: RHB Damon Wills 0-0: Ball
1-0: Ball
2-0: Foul Ball, location: 2F
2-1: Ground out 3-1 (Groundball, 34, EV 91.2 MPH)
Top of the 7th over - 1 run, 2 hits, 0 errors, 1 left on base; Maine 4 - Ottawa 0
BOTTOM OF THE 7TH
Ottawa Oddballs batting - Pitching for Maine Grizzlies : RHP Tyler Logsdon
Batting: RHB Adam Agostino 0-0: Swinging Strike
0-1: Ball
1-1: SINGLE (Line Drive, 4D, EV 96.9 MPH)
Batting: RHB Roger Enfield 0-0: Ball
1-0: Ball
2-0: Called Strike
2-1: Ball
3-1: SINGLE (Groundball, 6D, EV 101.9 MPH)
Adam Agostino to second
Pitching: RHP Kipp Bobst
Batting: RHB Travis Swan 0-0: Ball
1-0: Ball
2-0: Foul Ball, location: 2F
2-1: Called Strike
2-2: Strikes out swinging
Batting: RHB Joe Gibbs 0-0: Fielders Choice at 2nd, 4-6 (Groundball, 4, EV 88.1 MPH)
Adam Agostino to third
Pitching: LHP Neill Doherty
Batting: LHB Matthew Midkiff 0-0: Ball
1-0: Swinging Strike
1-1: Fly out, F7 (Flyball, 78S, EV 90.6 MPH)
Bottom of the 7th over - 0 runs, 2 hits, 0 errors, 2 left on base; Maine 4 - Ottawa 0
TOP OF THE 8TH
Maine Grizzlies batting - Pitching for Ottawa Oddballs : RHP Paul Beltz
Batting: LHB Victor Rangel 0-0: Ball
1-0: Ball
2-0: Called Strike
2-1: Ball
3-1: Base on Balls
Batting: RHB Jack Cerza 0-0: Ball
1-0: Ball
2-0: Ball
3-0: Called Strike
3-1: Base on Balls
Victor Rangel to second
Batting: RHB Oscar Benjamin 0-0: Foul Ball, location: 2F
0-1: SINGLE (Line Drive, 4D, EV 115.6 MPH)
Victor Rangel to third
Jack Cerza to second
Batting: RHB Bill Church 0-0: Called Strike
0-1: Foul Ball, location: 2F
0-2: Strikes out swinging
Batting: RHB Fernando Marin 0-0: Ball
1-0: Called Strike
1-1: Foul Ball, location: 2F
1-2: Single, Error in OF, E8, batter to second base (Groundball, 6MD, EV 102.5 MPH)
Victor Rangel scores
Jack Cerza scores
Oscar Benjamin to third
Pitching: LHP Ian Cornatzer
Batting: RHB Bryan Lott 0-0: SINGLE (Groundball, 5S, EV 61.9 MPH) (infield hit)
Oscar Benjamin scores
Fernando Marin to third
Batting: RHB Matt Clark Pickoff Throw to First - Out! 1-3
0-0: Foul Ball, location: 2F
0-1: Ball
1-1: Ball
2-1: Foul Ball, location: 2F
2-2: Strikes out swinging
Top of the 8th over - 3 runs, 3 hits, 1 error, 1 left on base; Maine 7 - Ottawa 0
BOTTOM OF THE 8TH
Ottawa Oddballs batting - Pitching for Maine Grizzlies : LHP Neill Doherty
Batting: LHB Jason Sanders 0-0: Ball
1-0: Ball
2-0: Foul Ball, location: 2F
2-1: Called Strike
2-2: Ball
3-2: Foul Ball, location: 2F
3-2: Strikes out looking
Batting: RHB Justin Eddy 0-0: Ball
1-0: Fly out, F7 (Flyball, 78M, EV 80.0 MPH)
Batting: LHB Jose Guevara 0-0: Ball
1-0: Ground out 6-3 (Groundball, 6M, EV 101.2 MPH)
Bottom of the 8th over - 0 runs, 0 hits, 0 errors, 0 left on base; Maine 7 - Ottawa 0
TOP OF THE 9TH
Maine Grizzlies batting - Pitching for Ottawa Oddballs : LHP Ian Cornatzer
Batting: RHB Mike Luebbe 0-0: Foul Ball, location: 2F
0-1: DOUBLE (Flyball, 78XD, EV 115.0 MPH)
Batting: RHB Damon Wills 0-0: Fly out, F5 (Line Drive, 5, EV 68.8 MPH)
Batting: LHB Victor Rangel 0-0: Ball
1-0: Foul Ball, location: 2F
1-1: Fly out, F8 (Flyball, 8LXD, EV 100.0 MPH)
Runner from 2nd tags up, SAFE at 3rd, no throw by CF
Batting: RHB Jack Cerza 0-0: Called Strike
0-1: SINGLE (Line Drive, 34D, EV 96.9 MPH)
Mike Luebbe scores
Batting: RHB Oscar Benjamin 0-0: Called Strike
0-1: Ball
1-1: Foul Ball, location: 2F
1-2: Foul Ball, location: 2F
1-2: Ball
2-2: Strikes out looking
Top of the 9th over - 1 run, 2 hits, 0 errors, 1 left on base; Maine 8 - Ottawa 0
BOTTOM OF THE 9TH
Ottawa Oddballs batting - Pitching for Maine Grizzlies : LHP Neill Doherty
Batting: RHB Francisco Flores 0-0: Ball
1-0: Ball
2-0: Ball
3-0: Called Strike
3-1: Called Strike
3-2: SINGLE (Groundball, 6S, EV 70.6 MPH) (infield hit)
Batting: RHB Adam Agostino 0-0: Called Strike
0-1: Grounds into double play, 5-4-3 (Groundball, 56S, EV 90.0 MPH)
Batting: RHB Roger Enfield 0-0: Foul Ball, location: 2F
0-1: Called Strike
0-2: Strikes out looking
Bottom of the 9th over - 0 runs, 1 hit, 0 errors, 0 left on base; Maine 8 - Ottawa 0
Wednesday, April 17th , 2024 - OOTP Baseball 24.11 Build 85